 Dungeon Crawl Stone Soup version 0.17-a0-1863-g715b4b0 (webtiles) character file.

97710 MikeDS the Severer (level 16, 0/147 HPs)
             Began as a Hill Orc Fighter on Sept 19, 2015.
             Was a High Priest of Okawaru.
             Slain by a golden dragon simulacrum (1 damage)
             ... in an ice cave on Sept 20, 2015.
             The game lasted 04:29:35 (40195 turns).

MikeDS the Severer (Hill Orc Fighter)              Turns: 40195, Time: 04:29:35

Health: 0/147      AC: 17    Str: 26    XL:     16   Next: 20%
Magic:  0/22       EV: 15    Int:  6    God:    Okawaru [*****.]
Gold:   890        SH:  0    Dex: 19    Spells: 4 memorised, 11 levels left

rFire  + . .     SeeInvis .     a - +3 battleaxe (drain)
rCold  + + +     Clarity  .     A - +0 ring mail of Seralaif {rF+ rC+++ rN+ Int-2}
rNeg   + . .     SustAt   .     (no shield)
rPois  .         Gourm    .     l - -2 hat of Enoysan {rElec Str+3}
rElec  +         Spirit   +     T - +2 cloak {+Inv}
rCorr  .         Warding  .     d - +1 pair of gloves {archery}
rMut   .         Stasis   .     n - +2 pair of boots {Stlth+}
MR     ++...                    R - amulet of guardian spirit
Stlth  ++........               G - ring of protection from magic
                                g - +6 ring of dexterity

@: about to teleport, heroism, very resistant to hostile enchantments,
unstealthy
A: no striking features
a: Heroism, Finesse, Renounce Religion, Evoke Invisibility


You were in an ice cave.
You worshipped Okawaru.
Okawaru was extremely pleased with you.
You were not hungry.

You visited 5 branches of the dungeon, and saw 25 of its levels.
You also visited: Ice Cave.

You collected 2903 gold pieces.
You spent 2013 gold pieces at shops.

Inventory:

Hand weapons
 a - a +3 battleaxe of draining (weapon)
 b - a +2 shortbow
 y - the +7 morningstar "Makogad" {venom, +Blink Str+4 Dex+2}
   (You bought it in a shop on level 4 of the Orcish Mines)

   It poisons the flesh of those it strikes.
   It affects your strength (+4).
   It affects your dexterity (+2).
   It lets you blink.
 E - the +4 hand crossbow of the Jolly Realms {penet, MR- Dex+3 Stlth+}
   (Okawaru gifted it to you on level 2 of the Lair of Beasts)

   Ammo fired by it will pass through the targets it hits, potentially hitting
   all targets in its path until it reaches maximum range.
   It affects your dexterity (+3).
   It affects your resistance to hostile enchantments.
   It makes you more stealthy.
Missiles
 v - 65 arrows of frost
 H - 8 poisoned bolts
 S - 19 poisoned arrows
 V - 2 javelins of penetration (quivered)
Armour
 d - a +1 pair of gloves of archery (worn)
 l - the -2 hat of Enoysan (worn) {rElec Str+3}
   (Okawaru gifted it to you on level 7 of the Lair of Beasts)

   It affects your strength (+3).
   It insulates you from electricity.
 n - a +2 pair of boots of stealth (worn)
 A - the +0 ring mail of Seralaif (worn) {rF+ rC+++ rN+ Int-2}
   (Okawaru gifted it to you on level 7 of the Lair of Beasts)

   It affects your intelligence (-2).
   It protects you from fire.
   It renders you almost immune to cold.
   It protects you from negative energy.
 P - a +0 leather armour of poison resistance
 T - a +2 cloak of invisibility (worn)
 X - a +2 ring mail of fire resistance
 Y - the +0 plate armour of Articulation {rC+ Int+7}
   (Okawaru gifted it to you on level 4 of the Orcish Mines)

   It affects your intelligence (+7).
   It protects you from cold.
Jewellery
 g - a +6 ring of dexterity (left hand)
 h - an uncursed amulet of stasis
 G - a ring of protection from magic (right hand)
 L - an uncursed amulet of warding
 Q - an uncursed ring of protection from fire
 R - an amulet of guardian spirit (around neck)
 U - an uncursed ring of stealth
Magical devices
 c - a wand of disintegration (13)
 i - a wand of heal wounds (4)
 q - a wand of enslavement (9)
 s - a wand of draining (8)
 w - a wand of polymorph (19)
 z - a wand of fire (0)
 K - a wand of draining (6)
 Z - a wand of paralysis (6)
Scrolls
 f - 3 scrolls of fog
 j - 5 scrolls of recharging
 m - 2 scrolls of holy word
 o - 4 scrolls of fear
 C - 11 scrolls of remove curse
 I - 3 scrolls of blinking
 O - 2 scrolls of teleportation
Potions
 k - 2 potions of cancellation
 r - 3 potions of agility
 t - 2 potions of flight
 B - 2 potions of invisibility
 F - 2 potions of magic
 N - 3 potions of resistance
Books
 p - a book of Clouds

   Spells                             Type                      Level
   a - Mephitic Cloud                 Conjuration/Poison/Air       3
   b - Conjure Flame                  Conjuration/Fire             3
   c - Poisonous Cloud                Conjuration/Poison/Air       6
   d - Freezing Cloud                 Conjuration/Ice/Air          6
   e - Ring of Flames                 Charms/Fire                  7
 u - the Disquisition on Displacement and Summoning
   (You found it on level 8 of the Lair of Beasts)

   Spells                             Type                      Level
   a - Blink                          Translocation                2
   b - Recall                         Summoning/Translocation      3
   c - Teleport Other                 Translocation                3
   d - Passage of Golubria            Translocation                4
   e - Summon Forest                  Summoning/Translocation      5
 D - a Grand Grimoire

   Spells                             Type                      Level
   a - Monstrous Menagerie            Summoning                    6
   b - Summon Greater Demon           Summoning                    7
   c - Malign Gateway                 Summoning/Translocation      7
   d - Summon Horrible Things         Summoning                    8
 M - a book of Party Tricks

   Spells                             Type                      Level
   a - Summon Butterflies             Summoning                    1
   b - Apportation                    Translocation                1
   c - Tukima's Dance                 Hexes                        3
   d - Alistair's Intoxication        Transmutation/Poison         4
   e - Invisibility                   Hexes                        6
Comestibles
 e - 14 bread rations
 x - 2 royal jellies
 W - 22 fruits


   Skills:
 + Level 14.9(19.9) Fighting
 + Level 17.8(22.9) Axes
 + Level 1.9(15.5) Maces & Flails
   Level 0.2(15.3) Polearms
 - Level 10.1(15.1) Bows
 + Level 3.3(8.3) Crossbows
 - Level 4.6(9.6) Throwing
 + Level 14.0(19.0) Armour
 - Level 1.0(6.0) Stealth
   Level 5.0(10.0) Shields
 + Level 2.5 Spellcasting
 + Level 1.8 Conjurations
 - Level 1.0 Hexes
 - Level 1.9 Translocations
 + Level 1.9 Fire Magic
 - Level 9.0 Invocations
 - Level 6.6 Evocations


You had 11 spell levels left.
You knew the following spells:

 Your Spells              Type           Power        Failure   Level  Hunger
a - Apportation           Tloc           #.........   24%         1    ##.....
b - Blink                 Tloc           N/A          34%         2    ###....
c - Tukima's Dance        Hex            #.......     89%         3    ####...
d - Conjure Flame         Conj/Fire      #.......     71%         3    ####...


Dungeon Overview and Level Annotations

Branches:
Dungeon (10/15)            Temple (1/1) D:5            Lair (8/8) D:10
 Shoals (2/4) Lair:4        Snake (0/4) Lair:6        Slime (0/6) Lair:6
    Orc (4/4) D:9             Elf (0/3) Orc:4

Altars:
Ashenzari
Cheibriados
Dithmenos
Elyvilon
Fedhas
Gozag
Kikubaaqudgha
Makhleb
Nemelex Xobeh
Okawaru
Qazlal
Ru
Sif Muna
Trog
Vehumet
Xom
Yredelemnul
Zin
The Shining One
Beogh

Shops:
D:10 [   Orc:3 =   Orc:4 (:[*

Annotations:
D:8 Erica
Lair:6 exclusion: oklob plant


Message History

* * * LOW HITPOINT WARNING * * *
The golden dragon simulacrum freezes you!
You resist.
* * * LOW HITPOINT WARNING * * *
The golden dragon simulacrum claws you.
* * * LOW HITPOINT WARNING * * *
The golden dragon simulacrum freezes you.
You resist.
* * * LOW HITPOINT WARNING * * *
The golden dragon simulacrum barely misses you.
Read which item? (? for menu, Esc to quit)
As you read the scroll of teleportation, it crumbles to dust.
You feel strangely unstable. The golden dragon simulacrum bites you.
* * * LOW HITPOINT WARNING * * *
The golden dragon simulacrum freezes you.
You resist.
* * * LOW HITPOINT WARNING * * *
The golden dragon simulacrum claws you but does no damage.
The golden dragon simulacrum tramples you.
You die...

# ####### #######
≈≈≈≈≈≈≈## #..#...
#≈≈≈####### #..##
###≈≈≈#≈≈.#####..#
##≈≈≈≈#≈..##..##
####≈≈#≈≈≈##...###
##.@Z####≈≈≈#####
###### #..###
≈≈≈≈#≈≈#
###....###
##..###≈≈≈≈≈≈≈≈≈
#...##...###
##..####≈≈≈≈≈≈≈
..#.####...##
#..### ##≈≈#≈#≈
.###.####...#
##...## ##≈≈≈≈
###.###...###
###..# ..####..###
#...## ### #....##
###..##


You could see a golden dragon simulacrum.

Vanquished Creatures
  An orc warlord (Orc:3)
  A merfolk impaler (Shoals:1)
  Josephine (Lair:4)
  7 hydras
  Harold (Lair:1)
  A queen ant (Lair:2)
  7 death yaks
  3 orc high priests (Orc:4)
  A spriggan (Lair:4)
  2 sea snakes (Shoals:1)
  3 ice devils (IceCv)
  2 manticores
  6 orc knights
  5 orc sorcerers (Orc:4)
  2 sirens
  3 griffons
  A centaur zombie (D:10)
  34 elephants
  Maurice (D:9)
  A cyclops (Shoals:1)
  30 spiny frogs
  7 black mambas
  A gargoyle (D:10)
  2 torpor snails
  4 komodo dragons
  2 anaconda simulacra (IceCv)
  5 fire drakes
  4 freezing wraiths (IceCv)
  4 polar bears
  5 merfolk
  4 trolls
  A blue devil (IceCv)
  3 giant leeches
  22 blink frogs
  A boulder beetle (Lair:7)
  47 yaks
  Sigmund (D:6)
  3 fire bats (Lair:5)
  A wyvern (Lair:1)
  2 basilisks
  9 vampire mosquitoes
  5 wraiths
  Eustachio (D:6)
  Grum (Lair:1)
  16 hippogriffs
  A warg (Orc:4)
  A hungry ghost (D:7)
  30 wolves
  4 harpy simulacra (IceCv)
  A fire elemental (Lair:4)
  2 hydra simulacra (IceCv)
  2 sky beasts (D:7)
  16 porcupines
  5 ice beasts
  Duvessa (D:6)
  14 water moccasins
  10 soldier ants
  An eye of draining (D:10)
  29 orc warriors
  5 phantoms
  An ettin simulacrum (IceCv)
  A wasp (Lair:4)
  The ghost of MikeDS the Cudgeler, an average HOFi of Okawaru (D:3)
  2 black bears
  An alligator simulacrum (IceCv)
  15 ogres
  5 centaurs
  A big kobold (D:8)
  17 crocodiles
  33 giant frogs
  A gnoll sergeant (D:7)
  Dowan (D:6)
  A wyvern skeleton (D:7)
  6 scorpions
  An elephant simulacrum (IceCv)
  4 wights (D:10)
  14 killer bees
  A swamp dragon simulacrum (IceCv)
  2 quasits (D:7)
  6 electric eels
  2 draconian simulacra (IceCv)
  6 crimson imps
  A giant frog zombie (D:6)
  7 hounds
  30 orc priests
  36 orc wizards
  A jelly (D:7)
  2 centaur skeletons
  4 giant frog skeletons
  12 iguanas
  6 hell rats (Lair:4)
  A spriggan simulacrum (IceCv)
  21 sheep
  31 worker ants
  2 hound zombies
  A hound skeleton (D:7)
  Robin (D:4)
  11 gnolls
  A naga simulacrum (IceCv)
  82 river rats
  13 adders
  4 ogre simulacra (IceCv)
  2 shadow imps
  7 white imps (IceCv)
  6 ufetubi (IceCv)
  An adder zombie (D:7)
  2 worms
  An adder skeleton (D:7)
  163 orcs
  7 bats
  6 giant cockroaches
  7 hobgoblins
  18 jackals
  9 kobolds
  11 quokkas
  7 giant geckos
  A giant gecko skeleton (D:7)
  8 giant newts
  18 goblins
  A jackal skeleton (D:5)
  6 rats
  14 fungi
  2 plants
1072 creatures vanquished.

Vanquished Creatures (others)
  A river rat (Lair:8)
  A giant gecko skeleton (D:6)
  A bush (Lair:7)
  51 fungi
  15 plants
69 creatures vanquished.

Grand Total: 1141 creatures vanquished

Notes
Turn   | Place    | Note
--------------------------------------------------------------
     0 | D:1      | MikeDS the Hill Orc Fighter began the quest for the Orb.
     0 | D:1      | Reached XP level 1. HP: 19/19 MP: 1/1
   289 | D:1      | Reached XP level 2. HP: 27/27 MP: 2/2
   581 | D:1      | Reached skill level 4 in Axes
   993 | D:2      | Reached XP level 3. HP: 31/33 MP: 3/3
  1592 | D:3      | Reached skill level 5 in Axes
  1626 | D:3      | Reached XP level 4. HP: 30/40 MP: 4/4
  1697 | D:3      | Found a stormy altar of Qazlal.
  1731 | D:3      | Noticed MikeDS's ghost (average HOFi)
  2479 | D:3      | Reached skill level 6 in Axes
  2685 | D:4      | Reached XP level 5. HP: 46/46 MP: 5/5
  2703 | D:4      | Noticed Robin
  2725 | D:4      | Killed Robin
  2851 | D:4      | Reached skill level 7 in Axes
  3036 | D:4      | Reached XP level 6. HP: 52/52 MP: 6/6
  3244 | D:4      | Found an iron altar of Okawaru.
  3259 | D:4      | Became a worshipper of Warmaster Okawaru
  3316 | D:4      | Reached skill level 8 in Axes
  3366 | D:4      | Found a shadowy altar of Dithmenos.
  3482 | D:4      | Found a sparkling altar of Nemelex Xobeh.
  3528 | D:4      | Reached skill level 9 in Axes
  3724 | D:4      | Noticed an ogre
  3734 | D:4      | Killed an ogre
  3734 | D:4      | Reached XP level 7. HP: 23/58 MP: 7/7
  4108 | D:3      | Killed MikeDS's ghost
  4108 | D:3      | Reached skill level 10 in Axes
  4222 | D:5      | Entered Level 5 of the Dungeon
  4282 | D:5      | Acquired Okawaru's first power
  4504 | D:5      | Found a staircase to the Ecumenical Temple.
  4510 | Temple   | Entered the Ecumenical Temple
  4600 | D:5      | Reached skill level 11 in Axes
  4644 | D:5      | Found a shattered altar of Ashenzari.
  4650 | D:5      | Found a basalt altar of Yredelemnul.
  4771 | D:5      | Reached XP level 8. HP: 66/66 MP: 8/8
  4826 | D:5      | Reached skill level 1 in Stealth
  5152 | D:6      | Noticed Duvessa
  5152 | D:6      | Noticed Dowan
  5229 | D:6      | Found a glowing silver altar of Zin.
  5382 | D:5      | Reached skill level 12 in Axes
  5629 | D:6      | Noticed Eustachio
  5748 | D:6      | Killed Eustachio
  5748 | D:6      | Reached skill level 1 in Throwing
  5828 | D:6      | Killed Duvessa
  5828 | D:6      | Reached skill level 13 in Axes
  5858 | D:6      | Found a burning altar of Makhleb.
  5863 | D:6      | Found a glowing silver altar of Zin.
  5864 | D:6      | Noticed an angel
  5864 | D:6      | Noticed a green death
  6058 | D:6      | Killed Dowan
  6320 | D:6      | Reached XP level 9. HP: 68/71 MP: 9/9
  6491 | D:6      | Reached skill level 14 in Axes
  6554 | D:6      | Found a sacrificial altar of Ru.
  6557 | D:6      | Noticed Sigmund
  6640 | D:6      | Killed Sigmund
  6640 | D:6      | Reached skill level 1 in Invocations
  6740 | D:6      | Reached skill level 1 in Evocations
  7778 | D:7      | Found a glowing golden altar of the Shining One.
  7828 | D:7      | Reached skill level 5 in Fighting
  8003 | D:7      | Reached XP level 10. HP: 81/81 MP: 11/13
  8007 | D:7      | Reached skill level 5 in Shields
  8041 | D:7      | Reached skill level 5 in Armour
  8060 | D:7      | Received a gift from Okawaru
  8731 | D:7      | Reached skill level 5 in Invocations
  9174 | D:8      | Noticed Erica
  9945 | D:9      | Acquired Okawaru's second power
 10189 | D:9      | Found a staircase to the Orcish Mines.
 10458 | D:9      | Found a blossoming altar of Fedhas.
 11012 | D:9      | Paralysed by an orc for 7 turns
 11027 | D:9      | Found a roughly hewn altar of Beogh.
 11197 | D:9      | Found a shimmering altar of Xom.
 11249 | D:9      | Noticed Maurice
 11279 | D:9      | Killed Maurice
 11279 | D:9      | Reached skill level 5 in Evocations
 11279 | D:9      | Reached XP level 11. HP: 88/92 MP: 14/16
 11391 | D:10     | Entered Level 10 of the Dungeon
 11396 | D:10     | Reached skill level 1 in Bows
 11458 | D:10     | Received a gift from Okawaru
 11579 | D:10     | Found a staircase to the Lair.
 11878 | D:10     | Found Sujy's Armour Shop.
 11886 | D:10     | Bought a +2 chain mail of cold resistance for 365 gold pieces
 13028 | D:10     | Received a gift from Okawaru
 13222 | Lair:1   | Entered Level 1 of the Lair of Beasts
 13463 | Lair:1   | Noticed Harold
 13601 | Lair:1   | Noticed Grum
 13802 | Lair:1   | Killed Grum
 15489 | Lair:2   | Reached XP level 12. HP: 84/104 MP: 14/17
 15595 | Lair:2   | Noticed a queen ant
 16023 | Lair:2   | Received a gift from Okawaru
 16033 | Lair:2   | Got a smoking hand crossbow {god gift}
 16040 | Lair:2   | Identified the +4 hand crossbow of the Jolly Realms {penet, MR- Dex+3 Stlth+} (Okawaru gifted it to you on level 2 of the Lair of Beasts)
 16721 | Lair:2   | Killed a queen ant
 17035 | Lair:2   | Reached skill level 10 in Fighting
 17035 | Lair:2   | Reached skill level 15 in Axes
 19669 | Lair:4   | Received a gift from Okawaru
 19753 | Lair:4   | Found a staircase to the Shoals.
 19861 | Lair:3   | Reached skill level 5 in Bows
 20231 | Lair:4   | Noticed Josephine
 20659 | Orc:1    | Entered Level 1 of the Orcish Mines
 21161 | Lair:1   | Killed Harold
 21161 | Lair:1   | Reached skill level 10 in Armour
 21355 | Lair:4   | Killed Josephine
 21355 | Lair:4   | Reached XP level 13. HP: 50/116 MP: 6/18
 22156 | Lair:5   | Got a transparent falchion
 22157 | Lair:5   | Identified the +5 falchion "Erig Dikh" {elec, rF+} (You found it on level 5 of the Lair of Beasts)
 22383 | Lair:5   | Reached skill level 16 in Axes
 24782 | Lair:6   | Found a staircase to the Slime Pits.
 24862 | Lair:6   | Received a gift from Okawaru
 25107 | Lair:6   | Found a basalt altar of Yredelemnul.
 25361 | Lair:6   | Identified a scroll of acquirement
 25637 | Lair:6   | Found a staircase to the Snake Pit.
 26008 | Lair:6   | Reached skill level 17 in Axes
 26022 | Lair:6   | Reached XP level 14. HP: 117/127 MP: 19/19
 27619 | Lair:7   | Received a gift from Okawaru
 27623 | Lair:7   | Got a warped ring mail {god gift}
 27634 | Lair:7   | Identified the +0 ring mail of Seralaif {rF+ rC+++ rN+ Int-2} (Okawaru gifted it to you on level 7 of the Lair of Beasts)
 28940 | Lair:8   | Entered Level 8 of the Lair of Beasts
 30316 | Lair:7   | Reached XP level 15. HP: 127/138 MP: 16/20
 30318 | Lair:7   | Received a gift from Okawaru
 30680 | Lair:8   | Received a gift from Okawaru
 31027 | Lair:7   | Received a gift from Okawaru
 31030 | Lair:7   | Reached skill level 1 in Spellcasting
 31359 | Lair:7   | Received a gift from Okawaru
 31360 | Lair:7   | Got a warped hat {god gift}
 31371 | Lair:7   | Identified the -2 hat of Enoysan {rElec Str+3} (Okawaru gifted it to you on level 7 of the Lair of Beasts)
 31687 | Lair:8   | Reached skill level 10 in Bows
 31983 | Lair:8   | Got a slimy spear
 32022 | Lair:8   | Identified the +9 spear "Simyeng" {venom, Int+3 Dex+2 Stlth+} (You found it on level 8 of the Lair of Beasts)
 32128 | Lair:8   | Learned a level 1 spell: Apportation
 32319 | Lair:8   | Identified the Disquisition on Displacement and Summoning (You found it on level 8 of the Lair of Beasts)
 32344 | Lair:8   | Upgraded the game from 0.17-a0-1850-g688e747 to 0.17-a0-1863-g715b4b0
 33018 | D:10     | Learned a level 2 spell: Blink
 33023 | D:10     | Learned a level 3 spell: Tukima's Dance
 33995 | Orc:3    | Found Nokiren's Jewellery Shoppe.
 34022 | Orc:3    | Bought an uncursed ring of protection from magic for 325 gold pieces
 34028 | Orc:3    | Found a roughly hewn altar of Beogh.
 34152 | Orc:3    | Reached skill level 1 in Crossbows
 34391 | Orc:4    | Entered Level 4 of the Orcish Mines
 34468 | Orc:4    | Found a staircase to the Elven Halls.
 34551 | Orc:4    | Reached skill level 1 in Translocations
 34781 | Orc:4    | Paralysed by an orc sorcerer for 4 turns
 36076 | Orc:4    | Paralysed by an orc sorcerer for 5 turns
 36593 | Orc:4    | Found Evvi's Antique Armour Emporium.
 36594 | Orc:4    | Found Wir Ryc's Antique Weapon Shoppe.
 36595 | Orc:4    | Found Pac Ymis's General Store.
 36595 | Orc:4    | Found Heorhur's Book Emporium.
 37002 | Orc:4    | Received a gift from Okawaru
 37003 | Orc:4    | Got a polished plate armour {god gift}
 37014 | Orc:4    | Identified the +0 plate armour of Articulation {rC+ Int+7} (Okawaru gifted it to you on level 4 of the Orcish Mines)
 37677 | Orc:4    | Bought the +7 morningstar "Makogad" {venom, +Blink Str+4 Dex+2} for 1128 gold pieces
 37730 | Orc:4    | Bought a scroll of identify for 34 gold pieces
 37730 | Orc:4    | Bought a scroll of enchant armour for 127 gold pieces
 37730 | Orc:4    | Bought a scroll of identify for 34 gold pieces
 38054 | Shoals:1 | Entered Level 1 of the Shoals
 38626 | Shoals:1 | Reached XP level 16. HP: 147/147 MP: 22/22
 38701 | Shoals:1 | Reached skill level 1 in Hexes
 38838 | Shoals:1 | Learned a level 3 spell: Conjure Flame
 38914 | Shoals:1 | Reached skill level 1 in Maces & Flails
 39015 | Shoals:1 | Reached skill level 1 in Conjurations
 39228 | Shoals:2 | Found a frozen archway.
 39249 | IceCv    | Entered an ice cave
 39512 | IceCv    | Reached skill level 1 in Fire Magic
 40129 | IceCv    | Noticed an Ice Fiend
 40195 | IceCv    | HP: 6/147 [golden dragon simulacrum (3)]
 40195 | IceCv    | HP: 1/147 [golden dragon simulacrum (5)]
 40195 | IceCv    | Slain by a golden dragon simulacrum

Vault maps used:
D:1:      saegor_arrival_miasma, roderic_bipointed_swastika
D:2:      first_bread, kennysheep_another_room
D:3:      nicolae_overflow_hidden_temple
D:4:      okawaru_altar_gauntlet_db, lemuel_coloured_pillars_altar,
          nicolae_overflow_crystal_walls, uniq_robin
D:5:      minitemple, minmay_temple_entry_hall
D:6:      lemuel_ice_spiral_2, grunt_temple_overflow_order_and_chaos_2,
          nicolae_ru_path_of_blood, basic_altar, grunt_decor_clamped,
          uniq_duvessa, uniq_sigmund, uniq_eustachio
D:7:      forest_paths, tso_oasis_becter, minmay_misc_feat_x
D:8:      uniq_erica
D:9:      xom_teletrap_fun, lemuel_crystal_altar, minmay_orc_entry_temple_small,
          uniq_maurice
D:10:     dpeg_lair_monsters, serial_shops, nicolae_shop_stone,
          hangedman_fish_farm
Temple:   nicolae_temple_great_sept
Lair:1:   uniq_grum, uniq_harold
Lair:2:   minmay_another_anthill
Lair:3:   nicolae_lair_grove_arrangements, nicolae_quartered_pool_super,
          hibernation_bobbens, lemuel_fruit_tree
Lair:4:   minmay_shoals_entry_centaurs, grunt_forest_large_clearings,
          uniq_josephine
Lair:6:   guppyfry_snake_entry_island, slime_dummy, lemuel_oklob_altar,
          grunt_megastairs_4, serial_bayou_shore_a, serial_bayou_shore_b
Lair:7:   beast_lair_carwin_large_3, st_stairs_6
Lair:8:   minmay_lair_end_frog_pond, serial_bayou_ford_a, fungi_pond_lemuel
Shoals:2: portal_ice_cave_entry_pillars_03
Orc:3:    serial_shops, shop, nicolae_orc_pool_cavern, mines2_david
Orc:4:    st_orc_congregation
IceCv:    ice_cave_caverns_03

Action                   |  1- 3 |  4- 6 |  7- 9 | 10-12 | 13-15 | 16-18 || total
-------------------------+-------+-------+-------+-------+-------+-------++-------
Melee: War axe           |   140 |    37 |       |     6 |       |       ||   183
       Hand axe          |       |   126 |   322 |   492 |       |       ||   940
       Battleaxe         |       |       |       |   471 |  1314 |   174 ||  1959
       Great mace        |       |       |       |       |    36 |       ||    36
       Spear             |       |       |       |       |    17 |       ||    17
       Morningstar       |       |       |       |       |     5 |       ||     5
 Fire: Shortbow          |       |       |       |    34 |   159 |    11 ||   204
       Hand crossbow     |       |       |       |       |    39 |     4 ||    43
Throw: Stone             |       |     4 |    49 |     4 |       |       ||    57
       Tomahawk          |       |       |    25 |    27 |       |       ||    52
       Javelin           |       |       |       |     8 |    48 |     1 ||    57
       Throwing net      |       |       |       |     1 |       |       ||     1
Invok: Heroism           |       |       |     1 |     8 |     9 |     2 ||    20
       Finesse           |       |       |       |     2 |     1 |       ||     3
 Abil: Evoke Invisibilit |       |       |       |       |     1 |       ||     1
Evoke: Wand              |       |       |     2 |       |     1 |     3 ||     6
  Use: Scroll            |     2 |     6 |     4 |    13 |    19 |     3 ||    47
       Potion            |       |     1 |       |     6 |     2 |     1 ||    10
 Stab: Distracted        |       |       |       |     3 |       |     1 ||     4
       Sleeping          |       |       |       |     6 |     1 |     2 ||     9
  Eat: Chunk             |     2 |     7 |     4 |    14 |    33 |     2 ||    62
       Meat ration       |       |       |     2 |     3 |     4 |       ||     9
       Beef jerky        |       |       |     1 |     3 |       |       ||     4
       Bread ration      |       |       |     1 |     1 |       |       ||     2
       Fruit             |       |       |       |     4 |     4 |     4 ||    12
